 Dungeon Crawl Stone Soup version 0.25-a0-857-g60a0bcd8b5 (webtiles) character file.

Game seed: 8632401195408042287, levelgen mode: classic

1571 Amnesiac the Zephyrmancer (level 8, -9/38 HPs)
             Began as a Vine Stalker Air Elementalist on Apr 26, 2020.
             Was an Elder of Dithmenos.
             Killed from afar by Maggie (15 damage)
             ... with a bolt of acid
             ... on level 6 of the Dungeon.
             The game lasted 00:19:45 (5847 turns).

Amnesiac the Zephyrmancer (VSAE)                    Turns: 5847, Time: 00:19:46

Health: -9/38      AC:  3    Str: 13    XL:     8   Next: 90%
Magic:  0/18       EV: 11    Int: 16    God:    Dithmenos [****..]
Gold:   458        SH:  0    Dex: 14    Spells: 7/19 levels left

rFire    + . .     SeeInvis .   a - +2 dagger (elec)
rCold    . . .     Gourm    .   (no shield)
rNeg     . . .     Faith    .   u - +1 ring mail {rF+}
rPois    .         Spirit   +   (no helmet)
rElec    .         Reflect  .   C - +0 cloak
rCorr    .         Harm     +   (no gloves)
MR       ++...                  (no boots)
Stlth    +++.......             p - amulet of harm
HPRegen  0.52/turn              f - ring of protection from magic
MPRegen  0.16/turn              A - ring of flight

@: about to teleport, corroded, stab, very slightly contaminated, wreathed by
umbra
A: fangs 3, regeneration 1, magic shield, antimagic bite, no potion heal 3, rot
immunity
a: Shadow Step, Renounce Religion, Evoke Flight


You were on level 6 of the Dungeon.
You worshipped Dithmenos.
Dithmenos was greatly pleased with you.
You were not hungry.

You visited 2 branches of the dungeon, and saw 7 of its levels.

You collected 458 gold pieces.

Inventory:

Hand Weapons
 a - a +2 dagger of electrocution (weapon)
 y - a +2 halberd of venom
Missiles
 m - 6 atropa-tipped darts
 v - 10 poisoned darts (quivered)
Armour
 u - a +1 ring mail of fire resistance (worn)
 C - a +0 cloak (worn)
Jewellery
 f - a ring of protection from magic (left hand)
 p - an amulet of harm (around neck)
 A - a ring of flight (right hand)
Wands
 r - a wand of digging (8)
 x - a wand of random effects (22)
Scrolls
 d - 2 scrolls of teleportation {!r}
 e - 4 scrolls of remove curse {!r}
 h - a scroll of random uselessness {!r, unknown}
 k - 4 scrolls of identify {!r}
 n - 4 scrolls of amnesia {!r}
 t - a scroll of enchant weapon {!r, unknown}
 z - a scroll of magic mapping {!r, unknown}
 B - a scroll of brand weapon {!r, unknown}
Potions
 b - 2 potions of cancellation {!q, unknown}
 g - a potion of heal wounds {!q, unknown}
 i - a potion of might {!q, unknown}
 j - 2 potions of berserk rage {!q, unknown}
 l - 2 potions of brilliance {!q, unknown}
 o - 2 potions of stabbing {!q}
 q - 2 potions of degeneration {!q, unknown}
 s - 4 potions of curing {!q, unknown}
 w - 2 potions of lignification {!q}
Comestibles
 c - 6 rations


   Skills:
 + Level 1.7 Fighting
 - Level 4.0 Short Blades
 - Level 1.5 Dodging
 - Level 4.0 Stealth
 - Level 6.0 Spellcasting
 - Level 1.0 Conjurations
 - Level 8.0 Air Magic


You had 7 spell levels left.
You knew the following spells:

 Your Spells              Type           Power        Failure   Level  Hunger
a - Shock                 Conj/Air       ###.         4%          1    None
b - Lightning Bolt        Conj/Air       ###.......   78%         5    ######.
e - Airstrike             Air            ####......   11%         4    ####...
z - Swiftness             Chrm/Air       ###.....     9%          2    #......

Your spell library contained the following spells:

 Spells                   Type           Power        Failure   Level  Hunger
 Static Discharge         Conj/Air       ###.....     14%         3    ##.....


Dungeon Overview and Level Annotations

Branches:
Dungeon (6/15)             Temple (1/1) D:4

Altars:
Ashenzari
Dithmenos
Fedhas
Gozag
Hepliaklqana
Kikubaaqudgha
Makhleb
Nemelex Xobeh
Qazlal
Ru
Sif Muna
Trog
Uskayaw
Vehumet
Wu Jian
Xom
Yredelemnul

Annotations:
D:6 Maggie


Innate Abilities, Weirdness & Mutations

You have razor-sharp teeth.
Your natural rate of healing is unusually fast.
When hurt, damage is shared between your health and your magic reserves.
Your bite disrupts and absorbs the magic of your enemies.
Potions cannot restore your health.
You are immune to rotting.


Message History

Press: ? - help, Shift-Dir - straight line The zap hits Maggie.
Maggie is moderately wounded.
The zap hits Maggie but does no damage.
Maggie is moderately wounded.
Maggie zaps a wand.
The bolt of acid hits you! The acid corrodes you!
You are splashed with acid!
* * * LOW HITPOINT WARNING * * *
Casting: Shock (safe; 4% risk of failure)
Confirm with . or Enter, or press ? or * to list all spells.
Aiming: Shock (safe; 4% risk of failure)
Press: ? - help, Shift-Dir - straight line
Okay, then.
Okay, then.
Press: ? - help, v - describe, . - travel
Here: Maggie, wielding a +0 war axe, wearing +0 swamp dragon scales and carrying a wand of acid (11) (moderately wounded, umbra)
An open door.
Unknown command.
Evoke which item? (* to show all) (? for menu, Esc to quit)
Aiming: Random Effects
Press: ? - help, Shift-Dir - straight line, f - Maggie
Aim: Maggie, wielding a +0 war axe, wearing +0 swamp dragon scales and carrying a wand of acid (11) (moderately wounded, umbra) Maggie twists and deforms.
Maggie hits you with a +0 war axe.
* * * LOW HITPOINT WARNING * * *
Evoke which item? (* to show all) (? for menu, Esc to quit)
Aiming: Random Effects
Press: ? - help, Shift-Dir - straight line, f/p - Maggie
Aim: Maggie, wielding a +0 war axe, wearing +0 swamp dragon scales and carrying a wand of acid (11) (moderately wounded, misshapen and mutated, umbra)
The fireball explodes!
The fireball engulfs Maggie!
Maggie is heavily wounded.
The fireball engulfs you. You resist.
* * * LOW HITPOINT WARNING * * *
Maggie mumbles some strange words.
Maggie attempts to bespell you! You resist with almost no effort.
Really quaff
o - 3 green potions {!q}?
It was a potion of stabbing {!q}.
You feel ready to backstab. Maggie closely misses you.
Okay, then.
Really read
n - 5 scrolls labeled ZAGUUM CINATZE {!r}?
As you read the scroll labeled ZAGUUM CINATZE {!r}, it crumbles to dust.
It is a scroll of amnesia.
Really abort (and waste the scroll)?
Okay, then.
Maggie zaps a wand.
The bolt of acid misses you.
Really read
k - 5 scrolls labeled GEYX BAJUOP {!r}?
As you read the scroll labeled GEYX BAJUOP {!r}, it crumbles to dust.
It is a scroll of identify.
w - 2 potions of lignification {!q} Maggie barely misses you.
Okay, then.
Really read
e - 5 scrolls labeled FUHAOZ BUHAITI {!r}?
As you read the scroll labeled FUHAOZ BUHAITI {!r}, it crumbles to dust.
You feel blessed for a moment.
It was a scroll of remove curse {!r}.
Maggie casts a spell.
Maggie attempts to bespell you! You resist with almost no effort.
Really read
d - 3 scrolls labeled XUOTSO DUJAUW {!r}?
As you read the scroll labeled XUOTSO DUJAUW {!r}, it crumbles to dust.
You feel strangely unstable.
It was a scroll of teleportation {!r}.
Maggie gestures at you while chanting. The bolt of fire hits you! You resist.
* * * LOW HITPOINT WARNING * * *
Maggie zaps a wand.
The bolt of acid hits you!
You die...

#.......# #.......#
#.......# #.......#
#.......# #.......#
##### ###...... #...#
#...... #.@.# #......
#...# #...... #####@##
#####...... #......#
#.....#'### #......#
#.....#..#. #......#
#.....#..#.
#......#####.....#'###
#######.........##.###
#.....#...รท.....#..#..


You could see Maggie.

Vanquished Creatures
  Menkaure (D:5)
  Duvessa (D:6)
  An ice beast (D:6)
  An ogre (D:6)
  A phantom (D:6)
  3 big kobolds (D:3)
  2 bullfrogs (D:6)
  2 howler monkeys (D:6)
  2 jellies (D:6)
  2 hounds (D:6)
  A bullfrog skeleton (D:4)
  An orc wizard (D:6)
  Terence (D:2)
  2 worker ants (D:6)
  Natasha (thrice) (D:3)
  Ijyb (D:3)
  A hound zombie (D:5)
  3 gnolls (D:3)
  9 adders
  A shadow imp (D:6)
  An ooze (D:1)
  An adder skeleton (D:5)
  A worm (D:2)
  A dart slug (D:1)
  5 leopard geckos
  11 orcs
  7 bats
  4 giant cockroaches
  35 goblins
  29 hobgoblins
  3 jackals (D:4)
  13 kobolds
  3 quokkas
  A ball python (D:1)
  3 frilled lizards
  8 rats
165 creatures vanquished.

Notes
Turn   | Place    | Note
-------+----------+-------------------------------------------
     0 | D:1      | Amnesiac the Vine Stalker Air Elementalist began the quest
                  | for the Orb.
     0 | D:1      | Reached XP level 1. HP: 9/9 MP: 4/4
   154 | D:3      | Reached XP level 2. HP: 11/13 MP: 0/6
   163 | D:3      | Learned a level 2 spell: Swiftness
   219 | D:3      | Found a hide-covered altar of Uskayaw.
   230 | D:3      | Found a sacrificial altar of Ru.
   361 | D:3      | Found a bloodstained altar of Trog.
   367 | D:3      | Found a shimmering blue altar of Sif Muna.
   473 | D:4      | Reached XP level 3. HP: 16/16 MP: 0/8
   540 | D:5      | Entered Level 5 of the Dungeon
   610 | D:4      | Found a hazy altar of Hepliaklqana.
   788 | D:5      | Reached skill level 4 in Air Magic
   998 | D:4      | Found a staircase to the Ecumenical Temple.
  1008 | Temple   | Entered the Ecumenical Temple
  1135 | Temple   | Became a worshipper of Dithmenos the Shadowed
  1283 | D:1      | Gained mutation: Your natural rate of healing is unusually
                  | fast. [Vine Stalker growth]
  1283 | D:1      | Reached XP level 4. HP: 21/21 MP: 0/9
  1822 | D:2      | Reached * piety under Dithmenos
  1892 | D:2      | Learned a level 4 spell: Airstrike
  1904 | D:2      | Noticed Terence
  2159 | D:2      | Killed Terence
  2159 | D:2      | Reached skill level 5 in Air Magic
  2159 | D:2      | Reached XP level 5. HP: 24/24 MP: 2/11
  2562 | D:3      | Reached ** piety under Dithmenos
  2681 | D:3      | Found a sparkling altar of Nemelex Xobeh.
  2968 | D:3      | Noticed Natasha
  2977 | D:3      | Killed Natasha
  2977 | D:3      | Reached XP level 6. HP: 18/28 MP: 6/12
  3148 | D:3      | Reached *** piety under Dithmenos
  3166 | D:3      | Reached skill level 1 in Short Blades
  3236 | D:3      | Reached skill level 6 in Air Magic
  3313 | D:3      | Reached XP level 7. HP: 25/32 MP: 2/14
  3428 | D:3      | Noticed Natasha
  3436 | D:3      | Killed Natasha
  3462 | D:3      | Noticed Natasha
  3475 | D:3      | Killed Natasha
  3753 | D:4      | Noticed Ijyb
  3765 | D:3      | Killed Ijyb
  3872 | D:4      | You fall into a shaft and drop 1 floor!
  4368 | D:5      | Noticed Menkaure
  4385 | D:5      | Killed Menkaure
  4385 | D:5      | Reached skill level 5 in Spellcasting
  4385 | D:5      | Reached skill level 7 in Air Magic
  4690 | D:5      | Learned a level 5 spell: Lightning Bolt
  4710 | D:6      | Noticed Maggie
  4843 | D:6      | Gained mutation: You have razor-sharp teeth. [Vine Stalker
                  | growth]
  4843 | D:6      | Reached XP level 8. HP: 36/36 MP: 1/16
  4996 | D:6      | Reached **** piety under Dithmenos
  5085 | D:6      | Reached skill level 8 in Air Magic
  5523 | D:6      | Noticed Duvessa
  5559 | D:6      | Killed Duvessa
  5559 | D:6      | Reached skill level 1 in Fighting
  5847 | D:6      | Killed from afar by Maggie

Levels and vault maps discovered:
D:1:      sevenhm_arrival_forest_fort_large_4, layout_rooms, minmay_pentomino_x4
D:2:      layout_rooms, wander_ebering_terrifying_dragon_lair, uniq_terence
D:3:      minmay_goblin_kobold_castle, layout_basic,
          nicolae_overflow_quartered_altars, nemelex_spade_bored_becter,
          uniq_natasha
D:4:      layout_loops_ring, kennysheep_mini_moat, minmay_temple_entry_slanted,
          chequers_big_river, uniq_ijyb
D:5:      layout_cave_pools, first_ration, chequers_serial_rivers_micro_b,
          minmay_misc_feat_rows, chequers_hall_statues_corner_a, uniq_menkaure
D:6:      layout_gridville, uniq_duvessa, uniq_maggie
Temple:   minmay_temple_curvy_branch

Skill      XL: |  1  2  3  4  5  6  7  8 |
---------------+-------------------------+-----
Air Magic      | 4 5 6 7 8 |  8.0
Spellcasting   | 3 4 5 6 |  6.0
Short Blades   | 1 2 4 |  4.0
Stealth        | 4 |  4.0
Fighting       | 1 |  1.7
Dodging        | |  1.5
Conjurations   | |  1.0

Action                   |  1- 3 |  4- 6 |  7- 9 || total
-------------------------+-------+-------+-------++-------
Melee: Unarmed           |     4 |       |       ||     4
       Bite              |     3 |    16 |     2 ||    21
       Falchion          |     5 |     6 |       ||    11
       Dagger            |       |    72 |     8 ||    80
 Cast: Shock             |    50 |   139 |    76 ||   265
       Airstrike         |       |     1 |    28 ||    29
Evoke: Wand              |       |       |     9 ||     9
  Use: Scroll            |       |       |     4 ||     4
       Potion            |       |       |     1 ||     1
 Stab: Sleeping          |       |     1 |       ||     1
  Eat: Chunk             |     1 |     7 |    13 ||    21
Armor: Robe              |    13 |     3 |       ||    16
       Ring mail         |       |    28 |     4 ||    32
Dodge: Dodged            |    32 |    94 |    27 ||   153
       Rpst.: Falchion   |     5 |     1 |       ||     6

Table legend:
 A = Non-vault XP
 B = Vault XP
 C = Vault XP percentage of total XP
 D = Non-vault monster count
 E = Vault monster count
 F = Vault count percentage of total count
                 A         B        C        D         E       F
            +---------+---------+-------+---------+---------+-------
      Total |    1378 |     867 |  38.6 |      97 |      68 |  41.2
            +---------+---------+-------+---------+---------+-------
        D:1 |      33 |       5 |  13.2 |      15 |       3 |  16.7
        D:2 |      83 |      39 |  32.0 |      26 |       2 |   7.1
        D:3 |     138 |     502 |  78.4 |      18 |      61 |  77.2
        D:4 |      72 |       0 |   0.0 |      10 |       0 |   0.0
        D:5 |      51 |     172 |  77.1 |       7 |       1 |  12.5
        D:6 |    1001 |     149 |  13.0 |      21 |       1 |   4.5
            +---------+---------+-------+---------+---------+-------
